 Dungeon Crawl Stone Soup version 0.23-b1-6-ga921848b48 (webtiles) character file.

Game seed: 14073499223462190993

298 Oravi the Slasher (level 6, -1/57 HPs)
             Began as a Naga Warper on Feb 2, 2019.
             Slain by a wight
             ... wielding a +0 spear
              (2 damage)
             ... on level 6 of the Dungeon.
             The game lasted 00:18:26 (3881 turns).

Oravi the Slasher (Naga Warper)                     Turns: 3881, Time: 00:18:27

Health: -1/57      AC:  4    Str: 13    XL:     6   Next: 35%
Magic:  9/9        EV:  8    Int: 16    God:
Gold:   75         SH:  0    Dex: 10    Spells: 2/9 levels left

rFire    . . .     SeeInvis +   a - +0 falchion
rCold    . . .     Gourm    .   (no shield)
rNeg     . . .     Faith    .   l - +0 leather armour
rPois    +         Spirit   .   (no helmet)
rElec    .         Reflect  .   n - +0 cloak
rCorr    .         Harm     .   (no gloves)
MR       .....                  (no barding)
Stlth    +.........             (no amulet)
HPRegen  0.19/turn              (no ring)
MPRegen  0.11/turn              (no ring)

@: heavily drained, very slow
A: large, see invisible, deformed body, poison resistance, slowness 2, slow
metabolism 1, spit poison 1, AC +2
a: Spit Poison


You were on level 6 of the Dungeon.
You were very hungry.

You visited 1 branch of the dungeon, and saw 5 of its levels.

You collected 75 gold pieces.

Inventory:

Hand Weapons
 a - a +0 falchion (weapon)
 b - a +0 hunting sling
 t - a +0 dagger of electrocution
Missiles
 e - 5 tomahawks of dispersal (quivered)
 g - 147 arrows
 j - 48 stones
Armour
 l - a +0 leather armour (worn)
 n - a +0 cloak (worn)
 p - a +0 ring mail
 s - a +0 chain mail
Wands
 k - a wand of polymorph (8)
Scrolls
 d - a scroll of teleportation
 f - 2 scrolls of remove curse {@r2}
Potions
 h - a potion of agility
 i - 2 potions of curing {unknown}
 m - a potion of lignification {unknown}
 o - a potion of heal wounds {unknown}
 q - a potion of mutation {unknown}
Comestibles
 r - 2 rations


   Skills:
 + Level 4.0(2.3) Fighting
 + Level 5.4(3.6) Long Blades
 - Level 0.8(0.0) Throwing
 - Level 0.7(0.0) Armour
 - Level 1.5(0.0) Dodging
 - Level 2.0(0.3) Spellcasting
 - Level 3.0(1.3) Translocations


You had 2 spell levels left.
You knew the following spells:

 Your Spells              Type           Power        Failure   Level  Hunger
a - Blink                 Tloc           N/A          28%         2    ###....
b - Shroud of Golubria    Chrm/Tloc      #.........   34%         2    ###....
c - Gell's Gravitas       Tloc           #.........   50%         3    ####...

Your spell library contained the following spells:

 Spells                   Type           Power        Failure   Level  Hunger
 Lesser Beckoning         Tloc           #.........   50%         3    ####...
 Teleport Other           Tloc           #.......     50%         3    ####...
 Passage of Golubria      Tloc           N/A          88%         4    #####..


Dungeon Overview and Level Annotations

Branches:
Dungeon (6/15)
 Temple: D:4-7

Altars:

Annotations:
D:5 Menkaure


Innate Abilities, Weirdness & Mutations

You cannot wear boots.
Your serpentine skin is tough. (AC +2)
You have supernaturally acute eyesight. (SInv)
Armour fits poorly on your strangely shaped body.
Your system is resistant to poisons. (rPois)
You cover ground very slowly.
You have a slow metabolism.
You can spit poison.


Message History

* * * LOW HITPOINT WARNING * * *
You closely miss the wight.
The wight is lightly damaged.
The wight hits you but does no damage.
The wight hits you from afar with a +0 spear!
* * * LOW HITPOINT WARNING * * *
You closely miss the wight.
The wight is lightly damaged.
The wight barely misses you.
The wight hits you with a cursed +0 mace.
* * * LOW HITPOINT WARNING * * *
You feel drained.
* * * LOW HITPOINT WARNING * * *
You closely miss the wight.
The wight is lightly damaged.
The wight closely misses you. The wight hits you but does no damage.
You hit the wight but do no damage.
The wight is lightly damaged.
The wight hits you from afar with a +0 spear.
You die...

## ### ###
#.# #.. ...
#.##.##.#
##.#.#.###.#
#...z..>...#
#z# #@######
#))....#
######.# #.#
#.#
#######.#
#.....).#
#.#######
#.#


You could see 2 wights.

Vanquished Creatures
  3 wights (D:6)
  A hound (D:6)
  Terence (D:2)
  5 adders
  A shadow imp (D:6)
  A worm (D:2)
  3 leopard geckos
  4 giant cockroaches
  9 hobgoblins
  3 jackals (D:1)
  11 kobolds
  A quokka (D:6)
  9 bats
  2 frilled lizards
  4 goblins
  10 rats
68 creatures vanquished.

Notes
Turn   | Place    | Note
-------+----------+-------------------------------------------
     0 | D:1      | Oravi the Naga Warper began the quest for the Orb.
     0 | D:1      | Reached XP level 1. HP: 19/19 MP: 3/3
   110 | D:1      | Reached XP level 2. HP: 1/26 MP: 5/5
   449 | D:1      | Reached skill level 3 in Long Blades
   454 | D:1      | Learned a level 2 spell: Blink
   457 | D:1      | Learned a level 2 spell: Shroud of Golubria
   812 | D:1      | Reached XP level 3. HP: 20/32 MP: 6/6
  1702 | D:2      | Reached skill level 4 in Long Blades
  1859 | D:2      | Noticed Terence
  1871 | D:2      | Killed Terence
  1871 | D:2      | Reached XP level 4. HP: 9/40 MP: 7/7
  2884 | D:2      | Reached XP level 5. HP: 40/48 MP: 8/8
  3086 | D:3      | Learned a level 3 spell: Gell's Gravitas
  3091 | D:3      | You fall through a shaft for 3 floors!
  3491 | D:5      | Entered Level 5 of the Dungeon
  3500 | D:5      | Noticed Menkaure
  3593 | D:6      | Reached skill level 5 in Long Blades
  3703 | D:6      | Reached XP level 6. HP: 40/57 MP: 9/9
  3879 | D:6      | HP: 1/57 [wight/cursed +0 mace (2)]
  3881 | D:6      | Slain by a wight

Skill      XL: |  1  2  3  4  5  6 |
---------------+-------------------+-----
Long Blades    | 3 4 5 |  5.4
Fighting       | 3 4 |  4.0
Throwing       | |  0.8
Armour         | |  0.7
Dodging        | |  1.5
Spellcasting   | |  2.0
Translocations | |  3.0

Action                   |  1- 3 |  4- 6 || total
-------------------------+-------+-------++-------
Melee: Falchion          |    65 |   106 ||   171
 Fire: Hunting sling     |       |    48 ||    48
 Abil: Spit Poison       |    38 |     4 ||    42
  Use: Scroll            |     1 |     6 ||     7
       Potion            |       |     1 ||     1
  Eat: Chunk             |     2 |     3 ||     5
       Ration            |       |     1 ||     1
Armor: Leather armour    |    20 |    35 ||    55
Dodge: Dodged            |    36 |    75 ||   111
       Rpst.: Falchion   |    13 |    29 ||    42
